 Dungeon Crawl Stone Soup version 0.25-a0-21-ga5a8db46c7 (webtiles) character file.

Game seed: 16586884642345941221, levelgen mode: deterministic

63 Dycilia the Charlatan (level 3, 29/29 HPs)
             Began as a Draconian Artificer on Oct 16, 2019.
             Quit the game on level 2 of the Dungeon.
             The game lasted 00:07:24 (1753 turns).

Dycilia the Charlatan (Draconian Artificer)         Turns: 1753, Time: 00:07:24

Health: 29/29      AC:  5    Str: 15    XL:     3   Next: 89%
Magic:  5/5        EV: 12    Int: 11    God:
Gold:   111        SH:  0    Dex: 11    Spells: 2/2 levels left

rFire    . . .     SeeInvis .   e - +2 short sword (vamp)
rCold    . . .     Gourm    .   (no shield)
rNeg     . . .     Faith    .   (armour unavailable)
rPois    .         Spirit   .   (helmet restricted)
rElec    .         Reflect  .   (no cloak)
rCorr    .         Harm     .   (no gloves)
MR       .....                  (no boots)
Stlth    ++........             (no amulet)
HPRegen  0.09/turn              (no ring)
MPRegen  0.09/turn              (no ring)

@: no status effects
A: unfitting armour, cold-blooded, AC +5
a: no special abilities


You were on level 2 of the Dungeon.
You were not hungry.

You visited 1 branch of the dungeon, and saw 2 of its levels.

You collected 111 gold pieces.

Inventory:

Hand Weapons
 e - a +2 vampiric short sword (weapon)
Wands
 b - a wand of flame (10)
 c - a wand of enslavement (11)
 d - a wand of random effects (13)
Scrolls
 g - a scroll of identify {unknown}
 k - a scroll of remove curse {unknown}
 m - a scroll of enchant weapon {unknown}
Potions
 h - 2 potions of curing {unknown}
 i - a potion of brilliance {unknown}
 j - a potion of berserk rage {unknown}
 l - a potion of invisibility {unknown}
Comestibles
 a - 2 chunks of flesh
 f - 5 rations


   Skills:
 + Level 2.0 Fighting
 + Level 1.8 Short Blades
 + Level 2.3 Dodging
 + Level 1.7 Stealth
 + Level 3.4 Evocations


You had 2 spell levels left.
You didn't know any spells.
Your spell library was empty.

Dungeon Overview and Level Annotations

Branches:
Dungeon (2/15)

Altars:
Wu Jian


Innate Abilities, Weirdness & Mutations

Your plain brown scales are hard. (AC +5)
You cannot fit into any form of body armour.
You are cold-blooded and may be slowed by cold attacks.


Message History

You hit the leopard gecko.
You kill the leopard gecko!
Your Fighting skill increases to level 2!
The goblin closely misses you.
You hit the goblin.
You kill the goblin!
Things that are here:
a +0 hunting sling; 17 stones; a goblin corpse You butcher the goblin corpse.
a - 3 chunks of flesh
Things that are here:
a +0 hunting sling; 17 stones; a goblin skeleton
Things that are here:
a +0 hunting sling; 17 stones; a goblin skeleton Eating one of 3 chunks of flesh.
You eat one of the 3 chunks of flesh.
This raw flesh tastes terrible.
h - 2 lumpy black potions (gained 1) Done exploring.
Done exploring.
Are you sure you want to abandon this character and quit the game? (Confirm with "yes".)

#.####.##.#####....#
................>..#
###############....#
#....#####
#######........#
#..)...........#
####
#..............#
...#
#..............#
##.#
#.......@......# #.#
#.......######## #.#
######### #.# #.#
#.# #.# #.#####
#.....#


There were no monsters in sight!

Vanquished Creatures
  An adder (D:2)
  A worm (D:2)
  A leopard gecko (D:2)
  3 giant cockroaches (D:1)
  7 goblins
  5 hobgoblins
  3 jackals (D:1)
  8 kobolds
  A quokka (D:2)
  A ball python (D:2)
  8 bats
  4 frilled lizards
  4 rats
47 creatures vanquished.

Vanquished Creatures (collateral kills)
  A goblin (D:1)
1 creature vanquished.

Vanquished Creatures (others)
  A kobold (D:1)
1 creature vanquished.

Grand Total: 49 creatures vanquished

Notes
Turn   | Place    | Note
-------+----------+-------------------------------------------
     0 | D:1      | Dycilia the Draconian Artificer began the quest for the
                  | Orb.
     0 | D:1      | Reached XP level 1. HP: 16/16 MP: 3/3
     2 | D:1      | Reached skill level 1 in Stealth
    88 | D:1      | Reached XP level 2. HP: 14/23 MP: 4/4
   734 | D:1      | Reached XP level 3. HP: 27/29 MP: 5/5
  1545 | D:2      | Found an ornate altar of the Wu Jian Council.
  1753 | D:2      | Quit the game

Levels and vault maps discovered:
D:1:      scummos_arrival_simple_fountains, layout_basic
D:2:      layout_basic, lemuel_doored_altar

Skill      XL: |  1  2  3 |
---------------+----------+-----
Stealth        | 1 |  1.7
Dodging        | 2 |  2.3
Fighting       | 2 |  2.0
Short Blades   | |  1.8
Evocations     | |  3.4

Action                   || total
-------------------------++-------
Melee: Short sword       ||   125
       Tailslap          ||     7
Evoke: Wand              ||    11
 Stab: Sleeping          ||     3
  Eat: Chunk             ||     3
Armor: Skin              ||    26
Dodge: Dodged            ||    72

Table legend:
 A = Non-vault XP
 B = Vault XP
 C = Vault XP percentage of total XP
 D = Non-vault monster count
 E = Vault monster count
 F = Vault count percentage of total count
                 A         B        C        D         E       F
            +---------+---------+-------+---------+---------+-------
      Total |      91 |       0 |   0.0 |      48 |       0 |   0.0
            +---------+---------+-------+---------+---------+-------
        D:1 |      42 |       0 |   0.0 |      26 |       0 |   0.0
        D:2 |      49 |       0 |   0.0 |      22 |       0 |   0.0
            +---------+---------+-------+---------+---------+-------
